 Dungeon Crawl Stone Soup version 0.17.0-25-gefc9c12 (webtiles) character file.

52 septik the Cudgeler (level 3, 0/23 HPs)
             Began as a Gargoyle Fighter on Nov 19, 2015.
             Slain by a goblin (3 damage)
             ... led by Robin
             ... on level 2 of the Dungeon.
             The game lasted 00:02:31 (1232 turns).

septik the Cudgeler (Gargoyle Fighter)              Turns: 1232, Time: 00:02:31

Health: 0/23       AC: 10    Str: 19    XL:     3   Next: 85%
Magic:  3/3        EV:  7    Int:  8    God:
Gold:   62         SH: 10    Dex: 10    Spells: 0 memorised, 2 levels left

rFire  . . .     SeeInvis .     p - -2 whip (curse)
rCold  . . .     Clarity  .     b - +0 scale mail
rNeg   + . .     SustAt   .     c - +1 shield
rPois  ∞         Gourm    .     (no helmet)
rElec  +         Spirit   .     (no cloak)
rCorr  .         Warding  .     (no gloves)
rMut   .         Stasis   .     (no boots)
MR     .....                    (no amulet)
Stlth  ..........               (no ring)
                                (no ring)

@: not resistant to hostile enchantments, extremely unstealthy
A: negative energy resistance 1, electricity resistance, unbreathing,
petrification resistance, rot immunity, AC +3
a: no special abilities


You were on level 2 of the Dungeon.
You were hungry.

You visited 1 branch of the dungeon, and saw 2 of its levels.

You collected 62 gold pieces.

Inventory:

Hand Weapons
 a - a +0 flail
 n - a +2 mace of protection
 p - a cursed -2 whip (weapon)
Armour
 b - a +0 scale mail (worn)
 c - a +1 shield (worn)
Jewellery
 m - an uncursed ring of positive energy {unknown}
Scrolls
 k - a scroll of enchant weapon
Potions
 d - 2 potions of might
 h - a potion of agility {unknown}
 j - 2 potions of lignification {unknown}
Comestibles
 e - 3 bread rations
 f - 3 chunks of flesh
 g - a slice of pizza
 i - 5 fruits


   Skills:
 - Level 3.2 Fighting
 + Level 4.0 Maces & Flails
 - Level 3.2 Armour
 - Level 3.2 Shields


You had 2 spell levels left.
You didn't know any spells.

Dungeon Overview and Level Annotations

Branches:
Dungeon (2/15)

Altars:

Annotations:
D:2 Robin, Terence


Innate Abilities, Weirdness & Mutations

You are resistant to torment.
Your stone body is resilient (AC +3).
You are immune to poison.
You resist negative energy.
You are resistant to electric shocks.
You can survive without breathing.
You are immune to petrification.
You are immune to rotting.


Message History

The goblin closely misses you. x2
You closely miss the goblin.
The goblin is heavily wounded.
You block the goblin's attack. You block Robin's attack.
You block the goblin's attack. The goblin hits you.
* * * LOW HITPOINT WARNING * * *
The goblin hits you but does no damage.
Your scale mail prevents you from hitting the goblin.
The goblin is heavily wounded.
You block the goblin's attack. The goblin hits you but does no damage.
Robin hits you but does no damage. You block the goblin's attack.
The goblin hits you but does no damage. x2
You hit the goblin.
You kill the goblin!
You block the goblin's attack. Robin hits you from afar with a spear.
* * * LOW HITPOINT WARNING * * *
You block the goblin's attack. The goblin hits you.
* * * LOW HITPOINT WARNING * * *
You closely miss the goblin. The goblin hits you.
You die...

#...# #......... #...#
#........#
######...#####.##.##.##
...............##.#....
..........#...#.#..###
..............##.#.###
####...########.##)##
#gggg..(# #.###.#
#.#@#.#.# #.# ##. #
#gg.#.# #.# #.


ggg.# # #.# #. ..g...? #.# #. ...####.# #.# #. #... .# #.##### .... # #...#
.#.#. ##### You could see Robin, 2 hobgoblins and 7 goblins.

Vanquished Creatures
  2 oozes (D:1)
  A giant gecko (D:1)
  3 orcs (D:2)
  2 giant cockroaches (D:1)
  6 hobgoblins
  6 jackals (D:1)
  A kobold (D:1)
  3 ball pythons
  4 bats (D:1)
  A giant newt (D:1)
  4 goblins
  4 rats
37 creatures vanquished.

Notes
Turn   | Place    | Note
--------------------------------------------------------------
     0 | D:1      | septik the Gargoyle Fighter began the quest for the Orb.
     0 | D:1      | Reached XP level 1. HP: 14/14 MP: 1/1
   122 | D:1      | Reached XP level 2. HP: 14/19 MP: 2/2
   249 | D:1      | Reached XP level 3. HP: 16/23 MP: 3/3
  1199 | D:2      | Reached skill level 4 in Maces & Flails
  1210 | D:2      | Noticed Robin
  1211 | D:2      | Noticed Terence
  1232 | D:2      | Slain by a goblin

Action                   || total
-------------------------++-------
Melee: Flail             ||    95
       Whip              ||   149
       Mace              ||     2
  Use: Scroll            ||     4
  Eat: Chunk             ||     1
